 Dungeon Crawl Stone Soup version 0.28-a0-1389-gc726bef33b (webtiles) character file.

Game seed: 5962419672670375460

52310 IndexError the Destroyer (level 14, -16/108 HPs)
             Began as a Gnoll Conjurer on Jan 3, 2022.
             Was an Initiate of Gozag.
             Demolished by a boulder beetle (45 damage)
             ... on level 12 of the Dungeon.
             The game lasted 01:05:28 (24195 turns).

IndexError the Destroyer (Gnoll Conjurer)          Turns: 24195, Time: 01:05:29

Health: -16/108    AC:  9    Str:  6    XL:     14   Next: 63%
Magic:  8/28       EV: 35    Int: 22    God:    Gozag
Gold:   2590       SH:  0    Dex: 12    Spells: 13/33 levels left

rFire   . . .      SeeInvis .   F - staff of conjuration {!a}
rCold   . . .      Faith    .   (no shield)
rNeg    . . .      Spirit   .   t - +1 robe of Voracious Surprise {rElec rPois}
rPois   +          Reflect  .   s - +1 helmet
rElec   +          Harm     .   (no cloak)
rCorr   .          Rampage  .   E - +0 pair of gloves
Will    ++...                   K - +0 pair of boots
Stlth   ++++......              l - amulet of the acrobat
HPRegen 0.28/turn               G - ring of willpower
MPRegen 0.21/turn               h - +4 ring of evasion

@: gold aura, acrobatic
A: fangs 1, strong nose, distributed training
a: Renounce Religion, Potion Petition, Call Merchant, Bribe Branch


You were on level 12 of the Dungeon.
You worshipped Gozag.
Gozag was most pleased with you.
You visited 2 branches of the dungeon, and saw 14 of its levels.

You collected 3455 gold pieces.
You spent 585 gold pieces at shops.
You paid 280 gold pieces to Gozag.

Inventory:

Hand Weapons
 c - a +1 dagger of draining
   (You took it off a goblin on level 1 of the Dungeon)
Missiles
 k - 6 datura-tipped darts
Armour
 s - a +1 helmet (worn)
   (You found it on level 5 of the Dungeon)
 t - the +1 robe of Voracious Surprise (worn) {rElec rPois}
   (You found it on level 5 of the Dungeon)

   rElec:     It insulates you from electricity.
   rPois:     It protects you from poison.
 E - a +0 pair of gloves (worn)
   (You bought it in a shop on level 8 of the Dungeon)
 K - a +0 pair of boots (worn)
   (You found it on level 10 of the Dungeon)
Magical Staves
 a - a staff of fire {rF+}
   (You found it on level 2 of the Dungeon)
 b - a staff of cold {rC+}
   (You found it on level 4 of the Dungeon)
 u - a staff of poison {rPois}
   (You found it on level 11 of the Dungeon)
 F - a staff of conjuration (weapon) {!a}
   (You found it on level 8 of the Dungeon)
Jewellery
 h - a +4 ring of evasion (right hand)
   (You found it on level 5 of the Dungeon)
 l - an amulet of the acrobat (around neck)
   (You found it on level 4 of the Dungeon)
 q - a ring of resist corrosion
   (You found it on level 4 of the Dungeon)
 B - a ring of flight {+Fly, !d}
   (You found it on level 9 of the Dungeon)
 G - a ring of willpower (left hand)
   (You bought it in a shop on level 7 of the Dungeon)
 I - the ring "Femarog" {rC+ SInv}
   (You found it on level 12 of the Dungeon)

   [ring of see invisible]

   rC:        It protects you from cold.
   SInv:      It lets you see invisible.
Wands
 r - a wand of iceblast (10)
   (You found it on level 5 of the Dungeon)
 y - a wand of charming (4)
   (You found it on level 6 of the Dungeon)
Scrolls
 d - a scroll of brand weapon
 e - 2 scrolls of amnesia
 f - 3 scrolls of immolation {!r}
 j - 2 scrolls of magic mapping {!r}
 n - a scroll of blinking {!r}
 p - a scroll of enchant weapon
 v - 2 scrolls of fear
 A - a scroll of teleportation
 H - 4 scrolls of identify
Potions
 g - 2 potions of curing
 i - 2 potions of might
 m - 3 potions of heal wounds
 o - 3 potions of cancellation
 w - a potion of attraction {!q}
 x - 2 potions of mutation {!q}
 z - 2 potions of lignification {!q}
 C - 2 potions of flight
 D - 2 potions of invisibility


   Skills:
 + Level 9.1 Fighting
 + Level 9.1 Short Blades
 + Level 9.1 Long Blades
 + Level 9.1 Axes
 + Level 9.1 Maces & Flails
 + Level 9.1 Polearms
 + Level 9.1 Staves
 + Level 9.1 Slings
 + Level 9.1 Bows
 + Level 9.1 Crossbows
 + Level 9.1 Throwing
 + Level 9.1 Armour
 + Level 10.2 Dodging
 + Level 10.0 Stealth
 + Level 9.1 Shields
 + Level 9.1 Unarmed Combat
 + Level 10.4 Spellcasting
 + Level 10.4 Conjurations
 + Level 7.5 Hexes
 + Level 7.5 Summonings
 + Level 7.5 Necromancy
 + Level 7.5 Translocations
 + Level 7.5 Transmutations
 + Level 7.5 Fire Magic
 + Level 7.5 Ice Magic
 + Level 7.5 Air Magic
 + Level 7.5 Earth Magic
 + Level 7.5 Poison Magic
 + Level 9.9 Invocations
 + Level 9.1 Evocations


You had 13 spell levels left.
You knew the following spells:

 Your Spells              Type           Power      Damage    Failure   Level
a - Magic Dart            Conj           100%       1d8       1%          1
b - Searing Ray           Conj           100%       2d8       1%          2
c - Blink                 Tloc           88%        N/A       1%          2
d - Dazzling Flash        Conj/Hex       100%       N/A       1%          3
e - Fulminant Prism       Conj/Hex       33%        3d16      1%          4
s - Slow                  Hex            100%       N/A       1%          1
x - Iskenderun's Mystic   Conj/Tloc      67%        2d14      1%          4
A - Ozocubu's Armour      Ice            44%        N/A       1%          3

Your spell library contained the following spells:

 Spells                   Type           Power      Damage    Failure   Level
 Summon Small Mammal      Summ           100%       N/A       1%          1
 Call Imp                 Summ           44%        N/A       1%          2
 Call Canine Familiar     Summ           44%        N/A       1%          3
 Confusing Touch          Hex            44%        N/A       1%          3
 Gell's Gravitas          Tloc           44%        N/A       1%          3
 Lesser Beckoning         Tloc           44%        N/A       1%          3
 Mephitic Cloud           Conj/Pois/Air  65%        N/A       1%          3
 Portal Projectile        Hex/Tloc       88%        N/A       1%          3
 Summon Guardian Golem    Hex/Summ       44%        N/A       1%          3
 Teleport Other           Tloc           44%        N/A       1%          3
 Vampiric Draining        Necr           44%        2d9       1%          3
 Leda's Liquefaction      Hex/Erth       22%        N/A       2%          4
 Blade Hands              Tmut           22%        N/A       7%          5
 Excruciating Wounds      Necr           22%        N/A       7%          5
 Manifold Assault         Tloc           44%        N/A       7%          5
 Ozocubu's Refrigeration  Ice            22%        4d9       91%         7


Dungeon Overview and Level Annotations

Branches:
Dungeon (12/15)            Temple (0/1) D:5            Lair (0/6) D:9
    Orc (2/2) D:10            Elf (0/3) Orc:2

Altars:
Gozag
Nemelex Xobeh
Beogh

Shops:
D:6 *   D:7 ***   D:8 [   D:11 [   Orc:2 (*:

Annotations:
D:5 1 runed translucent door, KyoPewz's ghost, novice DESu
Orc:2 Azrael; Jorgrun


Innate Abilities, Weirdness & Mutations

You have very sharp teeth.
Your uncanny sense of smell can sniff out nearby items.
Your experience applies equally to all skills.


Message History

Something barely misses you. Something misses you.
The blast of energy engulfs something!!
Reactivating autopickup.
You feel a bit more experienced.
You now have 2590 gold pieces (gained 7).
The ogre mage shouts!
The boulder beetle curls into a ball and begins rolling!
Health restored: 108; MP restored: 28
Casting: Fulminant Prism (mildly dangerous; 1% risk of failure)
Confirm with . or Enter, or press ? or * to list all spells.
Aiming: Fulminant Prism (mildly dangerous; 1% risk of failure)
Press: ? - help, Dir - move target You feel a surge of power!
You conjure a prism of explosive energy!
A fulminant prism comes into view.
You now have 24/28 mp.
Casting: Fulminant Prism (mildly dangerous; 1% risk of failure)
Confirm with . or Enter, or press ? or * to list all spells.
Okay, then.
The ogre mage casts a spell.
The ogre mage flickers and vanishes!
Deactivating autopickup; reactivate with Ctrl-A.
Your fulminant prism crackles loudly.
The boulder beetle completely misses you.
The boulder beetle stops rolling and uncurls.
The blast of energy engulfs something!!!
Casting: Fulminant Prism (mildly dangerous; 1% risk of failure)
Confirm with . or Enter, or press ? or * to list all spells.
Aiming: Fulminant Prism (mildly dangerous; 1% risk of failure)
Press: ? - help, Dir - move target You feel a surge of power!
You conjure a prism of explosive energy!
A fulminant prism comes into view.
The boulder beetle bites you!!
You take 19 damage, and have 89/108 hp.
You now have 20/28 mp.
The boulder beetle closely misses you.
Your fulminant prism crackles loudly.
The boulder beetle waves its antennae.
The boulder beetle completely misses you.
Something barely misses you.
The blast of energy engulfs something!!
Reactivating autopickup.
You feel a bit more experienced.
The blast of energy engulfs the boulder beetle!!
Casting: Fulminant Prism (mildly dangerous; 1% risk of failure)
Confirm with . or Enter, or press ? or * to list all spells.
Aiming: Fulminant Prism (mildly dangerous; 1% risk of failure)
Press: ? - help, Dir - move target You feel a surge of power!
You conjure a prism of explosive energy!
A fulminant prism comes into view.
The boulder beetle closely misses you.
You now have 17/28 mp.
Okay, then.
Casting: Fulminant Prism (mildly dangerous; 1% risk of failure)
Confirm with . or Enter, or press ? or * to list all spells.
Aiming: Fulminant Prism (mildly dangerous; 1% risk of failure)
Press: ? - help, Dir - move target You feel a surge of power!
You conjure a prism of explosive energy!
A fulminant prism comes into view.
The boulder beetle bites you!!
Your fulminant prism crackles loudly.
You take 23 damage, and have 67/108 hp.
MASSIVE DAMAGE!!
You now have 13/28 mp.
The boulder beetle bites you!!
Your fulminant prism crackles loudly.
You take 22 damage, and have 45/108 hp.
MASSIVE DAMAGE!!
The boulder beetle misses you.
The blast of energy engulfs the boulder beetle but does no damage.
Casting: Fulminant Prism (mildly dangerous; 1% risk of failure)
Confirm with . or Enter, or press ? or * to list all spells.
Aiming: Fulminant Prism (mildly dangerous; 1% risk of failure)
Press: ? - help, Dir - move target You feel a surge of power!
You conjure a prism of explosive energy!
A fulminant prism comes into view.
The boulder beetle bites you but does no damage.
You now have 10/28 mp.
Casting: Fulminant Prism (mildly dangerous; 1% risk of failure)
Confirm with . or Enter, or press ? or * to list all spells.
Aiming: Fulminant Prism (mildly dangerous; 1% risk of failure)
Press: ? - help, Dir - move target You can't see that place. [a rock wall.]
Okay, then.
The boulder beetle completely misses you.
Your fulminant prism crackles loudly.
The boulder beetle bites you!!
* * * LOW HITPOINT WARNING * * *
The blast of energy engulfs the boulder beetle!
You take 19 damage, and have 27/108 hp.
Casting: Fulminant Prism (mildly dangerous; 1% risk of failure)
Confirm with . or Enter, or press ? or * to list all spells.
You feel a surge of power!
You erupt in a blast of force!
The mystic blast hits the boulder beetle!
The boulder beetle is knocked back by the mystic blast.
You now have 6/28 mp.
The boulder beetle curls into a ball and begins rolling!
The boulder beetle hits you!!!
You die...
Your body crumbles into a pile of gold.

####################
...................#
................@..#
#.#.........#####B.#
#...##....###.°°○..#
....##...##...#....#
........##..○......#
...###..#..B#.##..##
...# #.##.°○#.##..#
...###.#...$#.....#
#......#....#.###.#


You could see a boulder beetle (rolling).

Vanquished Creatures
  An orc warlord (Orc:1)
  3 boulder beetles
  2 hydras (D:11)
  Erolcha (Orc:2)
  A centaur warrior (D:12)
  Erica (D:8)
  An ogre mage (D:12)
  A death knight (D:11)
  3 two-headed ogres
  A tengu warrior (D:12)
  3 orc high priests (Orc:2)
  Nergalle (Orc:1)
  A skeletal warrior (D:11)
  A phantasmal warrior (D:11)
  2 orc sorcerers
  2 orc knights
  2 ugly things (D:11)
  A deep elf pyromancer (D:12)
  A manticore (D:12)
  A wolf spider (D:12)
  2 gargoyles (D:12)
  Maggie (D:7)
  An unseen horror (D:12)
  A kobold demonologist (D:12)
  A freezing wraith (D:12)
  3 hornets
  A meliai (D:12)
  3 trolls
  A wind drake (shapeshifter) (D:12)
  2 centaur simulacra (D:12)
  5 wraiths
  A wyvern (D:8)
  18 yaks
  Grum (D:8)
  A steam dragon (D:8)
  4 vampire mosquitoes (D:12)
  4 wargs
  An acid dragon (D:9)
  3 water moccasins
  A hell hound (Orc:2)
  28 orc warriors
  2 ice beasts
  2 black bears (D:5)
  6 ogres
  A boggart (D:12)
  A necrophage (D:6)
  10 centaurs
  2 wolves (D:8)
  A kobold brigand (D:8)
  A phantom (D:5)
  A gnoll sergeant (D:12)
  4 scorpions
  2 water moccasin skeletons
  8 wights
  A centaur zombie (D:9)
  2 electric eels (D:7)
  2 jellies
  5 howler monkeys
  A centaur skeleton (D:4)
  3 hounds
  10 orc priests
  18 orc wizards
  Natasha (thrice) (D:2)
  5 iguanas
  A hound skeleton (D:5)
  A howler monkey zombie (D:10)
  6 gnolls
  A howler monkey skeleton (D:5)
  6 adders
  3 white imps (D:5)
  An ufetubus (D:4)
  A worm (D:2)
  A dart slug (D:3)
  61 orcs
  5 ball pythons
  9 bats
  7 endoplasms
  3 giant cockroaches
  6 hobgoblins
  3 quokkas
  2 frilled lizards (D:1)
  8 goblins
  11 kobolds
  A quokka skeleton (D:4)
  2 rats (D:2)
343 creatures vanquished.

Vanquished Creatures (others)
  An orc (Orc:1)
  139 fulminant prisms
  18 fungi (Orc:2)
  6 plants (D:6)
164 creatures vanquished.

Grand Total: 507 creatures vanquished

Notes
Turn   | Place    | Note
-------+----------+-------------------------------------------
     0 | D:1      | IndexError the Gnoll Conjurer began the quest for the Orb.
     0 | D:1      | Reached XP level 1. HP: 13/13 MP: 6/6
   210 | D:1      | Reached XP level 2. HP: 19/19 MP: 5/7
   766 | D:1      | Reached skill level 5 in Spellcasting
   766 | D:1      | Reached XP level 3. HP: 25/25 MP: 3/9
   824 | D:1      | Learned a level 2 spell: Searing Ray
   827 | D:1      | Learned a level 2 spell: Blink
   831 | D:1      | Learned a level 3 spell: Dazzling Flash
  1137 | D:2      | Found a faded altar of an unknown god.
  1142 | D:2      | Prayed at the altar of an unknown god.
  1142 | D:2      | Became a worshipper of Gozag Ym Sagoz the Greedy
  1328 | D:2      | Reached skill level 1 in Invocations
  1503 | D:2      | Noticed Natasha
  1508 | D:2      | Killed Natasha
  1509 | D:2      | Reached skill level 1 in Fighting
  1509 | D:2      | Reached skill level 1 in Short Blades
  1509 | D:2      | Reached skill level 1 in Long Blades
  1509 | D:2      | Reached skill level 1 in Axes
  1509 | D:2      | Reached skill level 1 in Maces & Flails
  1509 | D:2      | Reached skill level 1 in Polearms
  1509 | D:2      | Reached skill level 1 in Staves
  1509 | D:2      | Reached skill level 1 in Slings
  1509 | D:2      | Reached skill level 1 in Bows
  1509 | D:2      | Reached skill level 1 in Crossbows
  1509 | D:2      | Reached skill level 1 in Throwing
  1509 | D:2      | Reached skill level 1 in Armour
  1509 | D:2      | Reached skill level 1 in Shields
  1509 | D:2      | Reached skill level 1 in Unarmed Combat
  1509 | D:2      | Reached skill level 1 in Evocations
  1509 | D:2      | Reached XP level 4. HP: 20/32 MP: 4/11
  1599 | D:2      | Noticed Natasha
  1610 | D:2      | Killed Natasha
  1611 | D:2      | Reached skill level 1 in Hexes
  1611 | D:2      | Reached skill level 1 in Summonings
  1611 | D:2      | Reached skill level 1 in Necromancy
  1611 | D:2      | Reached skill level 1 in Translocations
  1611 | D:2      | Reached skill level 1 in Transmutations
  1611 | D:2      | Reached skill level 1 in Fire Magic
  1611 | D:2      | Reached skill level 1 in Ice Magic
  1611 | D:2      | Reached skill level 1 in Air Magic
  1611 | D:2      | Reached skill level 1 in Earth Magic
  1611 | D:2      | Reached skill level 1 in Poison Magic
  1692 | D:2      | Noticed Natasha
  1699 | D:2      | Killed Natasha
  1700 | D:2      | Reached XP level 5. HP: 27/37 MP: 6/12
  3110 | D:4      | Identified the +0 chain mail "Cealutel" {rC++}
  3442 | D:4      | Reached skill level 2 in Invocations
  3442 | D:4      | Reached XP level 6. HP: 44/44 MP: 5/14
  3766 | D:4      | Reached skill level 2 in Fighting
  3766 | D:4      | Reached skill level 2 in Short Blades
  3766 | D:4      | Reached skill level 2 in Long Blades
  3766 | D:4      | Reached skill level 2 in Axes
  3766 | D:4      | Reached skill level 2 in Maces & Flails
  3766 | D:4      | Reached skill level 2 in Polearms
  3766 | D:4      | Reached skill level 2 in Staves
  3766 | D:4      | Reached skill level 2 in Slings
  3766 | D:4      | Reached skill level 2 in Bows
  3766 | D:4      | Reached skill level 2 in Crossbows
  3766 | D:4      | Reached skill level 2 in Throwing
  3766 | D:4      | Reached skill level 2 in Armour
  3766 | D:4      | Reached skill level 5 in Dodging
  3766 | D:4      | Reached skill level 2 in Shields
  3766 | D:4      | Reached skill level 2 in Unarmed Combat
  3766 | D:4      | Reached skill level 2 in Evocations
  4003 | D:5      | Entered Level 5 of the Dungeon
  4052 | D:5      | Found a runed translucent door.
  4280 | D:5      | Noticed a black bear
  4288 | D:5      | Killed a black bear
  4289 | D:5      | Reached XP level 7. HP: 50/50 MP: 2/15
  4461 | D:5      | Noticed KyoPewz's ghost (novice DESu)
  4481 | D:5      | Reached skill level 2 in Hexes
  4481 | D:5      | Reached skill level 2 in Summonings
  4481 | D:5      | Reached skill level 2 in Necromancy
  4481 | D:5      | Reached skill level 2 in Translocations
  4481 | D:5      | Reached skill level 2 in Transmutations
  4481 | D:5      | Reached skill level 2 in Fire Magic
  4481 | D:5      | Reached skill level 2 in Ice Magic
  4481 | D:5      | Reached skill level 2 in Air Magic
  4481 | D:5      | Reached skill level 2 in Earth Magic
  4481 | D:5      | Reached skill level 2 in Poison Magic
  4724 | D:5      | Reached skill level 5 in Stealth
  4767 | D:5      | Identified the +1 robe of Voracious Surprise {rElec rPois}
  5059 | D:5      | Found a staircase to the Ecumenical Temple.
  5148 | D:5      | Reached skill level 3 in Invocations
  5372 | D:5      | Reached XP level 8. HP: 52/57 MP: 8/16
  5549 | D:5      | Reached skill level 3 in Fighting
  5549 | D:5      | Reached skill level 3 in Short Blades
  5549 | D:5      | Reached skill level 3 in Long Blades
  5549 | D:5      | Reached skill level 3 in Axes
  5549 | D:5      | Reached skill level 3 in Maces & Flails
  5549 | D:5      | Reached skill level 3 in Polearms
  5549 | D:5      | Reached skill level 3 in Staves
  5549 | D:5      | Reached skill level 3 in Slings
  5549 | D:5      | Reached skill level 3 in Bows
  5549 | D:5      | Reached skill level 3 in Crossbows
  5549 | D:5      | Reached skill level 3 in Throwing
  5549 | D:5      | Reached skill level 3 in Armour
  5549 | D:5      | Reached skill level 3 in Shields
  5549 | D:5      | Reached skill level 3 in Unarmed Combat
  5549 | D:5      | Reached skill level 3 in Evocations
  5937 | D:6      | Reached skill level 6 in Spellcasting
  6556 | D:6      | Found Woph's General Store.
  6570 | D:6      | Noticed a two-headed ogre
  6588 | D:6      | Killed a two-headed ogre
  6589 | D:6      | Reached skill level 4 in Fighting
  6589 | D:6      | Reached skill level 4 in Short Blades
  6589 | D:6      | Reached skill level 4 in Long Blades
  6589 | D:6      | Reached skill level 4 in Axes
  6589 | D:6      | Reached skill level 4 in Maces & Flails
  6589 | D:6      | Reached skill level 4 in Polearms
  6589 | D:6      | Reached skill level 4 in Staves
  6589 | D:6      | Reached skill level 4 in Slings
  6589 | D:6      | Reached skill level 4 in Bows
  6589 | D:6      | Reached skill level 4 in Crossbows
  6589 | D:6      | Reached skill level 4 in Throwing
  6589 | D:6      | Reached skill level 4 in Armour
  6589 | D:6      | Reached skill level 6 in Dodging
  6589 | D:6      | Reached skill level 4 in Shields
  6589 | D:6      | Reached skill level 4 in Unarmed Combat
  6589 | D:6      | Reached skill level 3 in Hexes
  6589 | D:6      | Reached skill level 3 in Summonings
  6589 | D:6      | Reached skill level 3 in Necromancy
  6589 | D:6      | Reached skill level 3 in Translocations
  6589 | D:6      | Reached skill level 3 in Transmutations
  6589 | D:6      | Reached skill level 3 in Fire Magic
  6589 | D:6      | Reached skill level 3 in Ice Magic
  6589 | D:6      | Reached skill level 3 in Air Magic
  6589 | D:6      | Reached skill level 3 in Earth Magic
  6589 | D:6      | Reached skill level 3 in Poison Magic
  6589 | D:6      | Reached skill level 4 in Invocations
  6589 | D:6      | Reached skill level 4 in Evocations
  6589 | D:6      | Reached XP level 9. HP: 65/65 MP: 18/18
  6613 | D:6      | Learned a level 3 spell: Ozocubu's Armour
  6618 | D:6      | Learned a level 4 spell: Fulminant Prism
  6623 | D:6      | Learned a level 4 spell: Iskenderun's Mystic Blast
  7287 | D:7      | Reached skill level 6 in Stealth
  7287 | D:7      | Reached skill level 8 in Conjurations
  7364 | D:7      | Found Zunap's Assorted Antiques.
  7391 | D:7      | Found Qeosul's Assorted Antiques.
  7393 | D:7      | Found Ravoatol's General Store.
  8273 | D:7      | Noticed Maggie
  8297 | D:7      | Reached skill level 5 in Invocations
  9146 | D:7      | Killed Maggie
  9147 | D:7      | Reached skill level 7 in Spellcasting
  9147 | D:7      | Reached skill level 4 in Hexes
  9147 | D:7      | Reached skill level 4 in Summonings
  9147 | D:7      | Reached skill level 4 in Necromancy
  9147 | D:7      | Reached skill level 4 in Translocations
  9147 | D:7      | Reached skill level 4 in Transmutations
  9147 | D:7      | Reached skill level 4 in Fire Magic
  9147 | D:7      | Reached skill level 4 in Ice Magic
  9147 | D:7      | Reached skill level 4 in Air Magic
  9147 | D:7      | Reached skill level 4 in Earth Magic
  9147 | D:7      | Reached skill level 4 in Poison Magic
  9147 | D:7      | Reached XP level 10. HP: 73/73 MP: 17/20
  9331 | D:8      | Noticed Grum
  9340 | D:8      | Reached skill level 5 in Fighting
  9340 | D:8      | Reached skill level 5 in Short Blades
  9340 | D:8      | Reached skill level 5 in Long Blades
  9340 | D:8      | Reached skill level 5 in Axes
  9340 | D:8      | Reached skill level 5 in Maces & Flails
  9340 | D:8      | Reached skill level 5 in Polearms
  9340 | D:8      | Reached skill level 5 in Staves
  9340 | D:8      | Reached skill level 5 in Slings
  9340 | D:8      | Reached skill level 5 in Bows
  9340 | D:8      | Reached skill level 5 in Crossbows
  9340 | D:8      | Reached skill level 5 in Throwing
  9340 | D:8      | Reached skill level 5 in Armour
  9340 | D:8      | Reached skill level 5 in Shields
  9340 | D:8      | Reached skill level 5 in Unarmed Combat
  9340 | D:8      | Reached skill level 5 in Evocations
  9343 | D:8      | Killed Grum
  9637 | D:8      | Found Wagieg's Armour Shop.
  9643 | D:8      | Bought a +0 pair of gloves for 49 gold pieces
  9676 | D:8      | Noticed Erica
  9693 | D:8      | Killed Erica
  9694 | D:8      | Reached skill level 7 in Dodging
 10121 | D:8      | Reached skill level 6 in Invocations
 10371 | D:8      | Reached skill level 7 in Stealth
 10646 | D:8      | Found a sparkling altar of Nemelex Xobeh.
 11168 | D:7      | Bought a scroll of identify for 58 gold pieces
 11168 | D:7      | Bought a grey potion for 26 gold pieces
 11168 | D:7      | Bought a wooden ring for 145 gold pieces
 11168 | D:7      | Bought a scroll of identify for 58 gold pieces
 11168 | D:7      | Bought a glowing golden potion for 26 gold pieces
 11176 | D:7      | Bought a scroll of identify for 26 gold pieces
 11186 | D:7      | Bought a scroll labelled TOUNTAANUT for 25 gold pieces
 11186 | D:7      | Bought a bubbling cyan potion for 22 gold pieces
 11186 | D:7      | Bought a scroll labelled TOUNTAANUT for 25 gold pieces
 11186 | D:7      | Bought an encrusted tourmaline ring for 125 gold pieces
 11731 | D:9      | Reached XP level 11. HP: 67/81 MP: 9/22
 11876 | D:9      | Noticed a two-headed ogre
 11889 | D:9      | Killed a two-headed ogre
 11890 | D:9      | Reached skill level 6 in Fighting
 11890 | D:9      | Reached skill level 6 in Short Blades
 11890 | D:9      | Reached skill level 6 in Long Blades
 11890 | D:9      | Reached skill level 6 in Axes
 11890 | D:9      | Reached skill level 6 in Maces & Flails
 11890 | D:9      | Reached skill level 6 in Polearms
 11890 | D:9      | Reached skill level 6 in Staves
 11890 | D:9      | Reached skill level 6 in Slings
 11890 | D:9      | Reached skill level 6 in Bows
 11890 | D:9      | Reached skill level 6 in Crossbows
 11890 | D:9      | Reached skill level 6 in Throwing
 11890 | D:9      | Reached skill level 6 in Armour
 11890 | D:9      | Reached skill level 6 in Shields
 11890 | D:9      | Reached skill level 6 in Unarmed Combat
 11890 | D:9      | Reached skill level 6 in Evocations
 12061 | D:9      | Reached skill level 5 in Hexes
 12061 | D:9      | Reached skill level 5 in Summonings
 12061 | D:9      | Reached skill level 5 in Necromancy
 12061 | D:9      | Reached skill level 5 in Translocations
 12061 | D:9      | Reached skill level 5 in Transmutations
 12061 | D:9      | Reached skill level 5 in Fire Magic
 12061 | D:9      | Reached skill level 5 in Ice Magic
 12061 | D:9      | Reached skill level 5 in Air Magic
 12061 | D:9      | Reached skill level 5 in Earth Magic
 12061 | D:9      | Reached skill level 5 in Poison Magic
 12288 | D:9      | Reached skill level 8 in Spellcasting
 12427 | D:9      | Found a staircase to the Lair.
 12832 | D:10     | Entered Level 10 of the Dungeon
 13227 | D:10     | Found a staircase to the Orcish Mines.
 14240 | D:11     | Reached skill level 9 in Conjurations
 14240 | D:11     | Reached skill level 7 in Invocations
 14488 | D:11     | Found Tukufoc's Armour Emporium.
 14497 | D:11     | Reached skill level 7 in Fighting
 14497 | D:11     | Reached skill level 7 in Short Blades
 14497 | D:11     | Reached skill level 7 in Long Blades
 14497 | D:11     | Reached skill level 7 in Axes
 14497 | D:11     | Reached skill level 7 in Maces & Flails
 14497 | D:11     | Reached skill level 7 in Polearms
 14497 | D:11     | Reached skill level 7 in Staves
 14497 | D:11     | Reached skill level 7 in Slings
 14497 | D:11     | Reached skill level 7 in Bows
 14497 | D:11     | Reached skill level 7 in Crossbows
 14497 | D:11     | Reached skill level 7 in Throwing
 14497 | D:11     | Reached skill level 7 in Armour
 14497 | D:11     | Reached skill level 8 in Dodging
 14497 | D:11     | Reached skill level 8 in Stealth
 14497 | D:11     | Reached skill level 7 in Shields
 14497 | D:11     | Reached skill level 7 in Unarmed Combat
 14497 | D:11     | Reached skill level 7 in Evocations
 14497 | D:11     | Reached XP level 12. HP: 91/91 MP: 24/24
 14498 | D:11     | Reached skill level 9 in Dodging
 14498 | D:11     | Reached skill level 9 in Spellcasting
 14498 | D:11     | Reached skill level 6 in Hexes
 14498 | D:11     | Reached skill level 6 in Summonings
 14498 | D:11     | Reached skill level 6 in Necromancy
 14498 | D:11     | Reached skill level 6 in Translocations
 14498 | D:11     | Reached skill level 6 in Transmutations
 14498 | D:11     | Reached skill level 6 in Fire Magic
 14498 | D:11     | Reached skill level 6 in Ice Magic
 14498 | D:11     | Reached skill level 6 in Air Magic
 14498 | D:11     | Reached skill level 6 in Earth Magic
 14498 | D:11     | Reached skill level 6 in Poison Magic
 14498 | D:11     | Reached skill level 8 in Invocations
 14498 | D:11     | Reached XP level 13. HP: 98/98 MP: 24/26
 14928 | D:11     | Reached skill level 9 in Stealth
 16045 | Orc:1    | Entered Level 1 of the Orcish Mines
 16139 | Orc:1    | Noticed Nergalle
 16147 | Orc:1    | Reached skill level 8 in Fighting
 16147 | Orc:1    | Reached skill level 8 in Short Blades
 16147 | Orc:1    | Reached skill level 8 in Long Blades
 16147 | Orc:1    | Reached skill level 8 in Axes
 16147 | Orc:1    | Reached skill level 8 in Maces & Flails
 16147 | Orc:1    | Reached skill level 8 in Polearms
 16147 | Orc:1    | Reached skill level 8 in Staves
 16147 | Orc:1    | Reached skill level 8 in Slings
 16147 | Orc:1    | Reached skill level 8 in Bows
 16147 | Orc:1    | Reached skill level 8 in Crossbows
 16147 | Orc:1    | Reached skill level 8 in Throwing
 16147 | Orc:1    | Reached skill level 8 in Armour
 16147 | Orc:1    | Reached skill level 8 in Shields
 16147 | Orc:1    | Reached skill level 8 in Unarmed Combat
 16147 | Orc:1    | Reached skill level 8 in Evocations
 16152 | Orc:1    | Killed Nergalle
 16485 | Orc:2    | Entered Level 2 of the Orcish Mines
 16485 | Orc:2    | Found Ziwnied's Book Emporium.
 17617 | Orc:2    | HP: 14/98 [orc warrior (16)]
 18765 | Orc:1    | Reached skill level 9 in Invocations
 19104 | Orc:2    | Found a staircase to the Elven Halls.
 19356 | Orc:2    | Noticed Jorgrun
 19581 | Orc:2    | Reached skill level 10 in Conjurations
 19614 | Orc:2    | Noticed an orc warlord
 19632 | Orc:1    | HP: 3/98 [orc warlord (26)]
 19634 | Orc:1    | Killed an orc warlord
 19635 | Orc:1    | Reached XP level 14. HP: 53/106 MP: 1/27
 20062 | Orc:2    | Noticed an orc warlord
 20062 | Orc:2    | Noticed Azrael
 20065 | Orc:2    | Found Wathuremm's General Store.
 20073 | Orc:2    | Found Vaolik's Antique Weapon Emporium.
 20101 | Orc:2    | Reached skill level 7 in Hexes
 20101 | Orc:2    | Reached skill level 7 in Summonings
 20101 | Orc:2    | Reached skill level 7 in Necromancy
 20101 | Orc:2    | Reached skill level 7 in Translocations
 20101 | Orc:2    | Reached skill level 7 in Transmutations
 20101 | Orc:2    | Reached skill level 7 in Fire Magic
 20101 | Orc:2    | Reached skill level 7 in Ice Magic
 20101 | Orc:2    | Reached skill level 7 in Air Magic
 20101 | Orc:2    | Reached skill level 7 in Earth Magic
 20101 | Orc:2    | Reached skill level 7 in Poison Magic
 20104 | Orc:2    | Noticed Erolcha
 20295 | Orc:2    | Killed Erolcha
 20436 | Orc:1    | HP: 18/106 [orc warlord (10)]
 21699 | D:12     | Reached skill level 10 in Spellcasting
 22007 | D:11     | Learned a level 1 spell: Slow
 22594 | D:12     | Reached skill level 10 in Dodging
 23560 | D:12     | Identified the ring "Femarog" {rC+ SInv}
 23575 | D:12     | Reached skill level 9 in Fighting
 23575 | D:12     | Reached skill level 9 in Short Blades
 23575 | D:12     | Reached skill level 9 in Long Blades
 23575 | D:12     | Reached skill level 9 in Axes
 23575 | D:12     | Reached skill level 9 in Maces & Flails
 23575 | D:12     | Reached skill level 9 in Polearms
 23575 | D:12     | Reached skill level 9 in Staves
 23575 | D:12     | Reached skill level 9 in Slings
 23575 | D:12     | Reached skill level 9 in Bows
 23575 | D:12     | Reached skill level 9 in Crossbows
 23575 | D:12     | Reached skill level 9 in Throwing
 23575 | D:12     | Reached skill level 9 in Armour
 23575 | D:12     | Reached skill level 9 in Shields
 23575 | D:12     | Reached skill level 9 in Unarmed Combat
 23575 | D:12     | Reached skill level 9 in Evocations
 23624 | D:12     | Reached skill level 10 in Stealth
 24188 | D:12     | HP: 27/108 [boulder beetle (19)]
 24195 | D:12     | Demolished by a boulder beetle

Illustrated notes

Levels and vault maps discovered:
D:1:      dpeg_arrival_signposts, layout_basic, corexii_corridor_pit,
          minmay_misc_feat_chi, minmay_misc_feat_encased, nrook_mini_backslash,
          minmay_hexomino_p4
D:2:      layout_loops_ring, nicolae_ecumenical_oubliette, minivault_11,
          uniq_natasha
D:3:      layout_rooms
D:4:      layout_basic
D:5:      layout_basic, minmay_temple_entry_statues_fountains,
          ebering_ghost_reflecting_pool
D:6:      layout_loops_corners, serial_bayou, serial_bayou_pond_e,
          serial_bayou_pond_c, serial_bayou_pond_a, serial_shops,
          nicolae_inconvenience_store, hangedman_abyss_or_decor_passed
D:7:      layout_cave_pods, enter_bailey_3, nicolae_wooded_promenade,
          kennysheep_generic_room_15, uniq_maggie
D:8:      layout_loops_ring, mainiacjoe_overflow_alcove_4, serial_shops,
          nicolae_square_shop, serial_aquarium, aquarium_bridge_straight
          [aquarium_subvault_bridge, aquarium_subvault_wall,
          aquarium_subvault_bridge, aquarium_subvault_window],
          aquarium_window_corridor_1, aquarium_window_fake, aquarium_view_2a,
          aquarium_view_2d, uniq_grum, uniq_erica
D:9:      layout_irregular_city, lair_entry_dummy
D:10:     layout_basic, david_orc_3
D:11:     layout_long_grid, serial_shops, nicolae_shop_stone,
          kennysheep_generic_room_12
D:12:     minmay_swirls_squares, layout_rooms
Orc:1:    layout_diamond_mine, uniq_snorg, uniq_nergalle
Orc:2:    grunt_orc_gardens, layout_caves, grunt_orc_garden, grunt_orc_garden,
          grunt_orc_garden, grunt_orc_garden, basic_altar, minmay_orc_treasury,
          uniq_jorgrun, uniq_azrael, uniq_erolcha

Skill      XL: |  1  2  3  4  5  6  7  8  9 10 11 12 13 14 |
---------------+-------------------------------------------+-----
Spellcasting   | 5 6 7 8 9 10 | 10.4
Invocations    | 1 2 3 4 5 6 7 8 9 |  9.9
Fighting       | 1 2 4 5 7 8 9 |  9.1
Short Blades   | 1 2 4 5 7 8 9 |  9.1
Long Blades    | 1 2 4 5 7 8 9 |  9.1
Axes           | 1 2 4 5 7 8 9 |  9.1
Maces & Flails | 1 2 4 5 7 8 9 |  9.1
Polearms       | 1 2 4 5 7 8 9 |  9.1
Staves         | 1 2 4 5 7 8 9 |  9.1
Slings         | 1 2 4 5 7 8 9 |  9.1
Bows           | 1 2 4 5 7 8 9 |  9.1
Crossbows      | 1 2 4 5 7 8 9 |  9.1
Throwing       | 1 2 4 5 7 8 9 |  9.1
Armour         | 1 2 4 5 7 8 9 |  9.1
Shields        | 1 2 4 5 7 8 9 |  9.1
Unarmed Combat | 1 2 4 5 7 8 9 |  9.1
Evocations     | 1 2 4 5 7 8 9 |  9.1
Hexes          | 1 2 3 4 5 6 7 |  7.5
Summonings     | 1 2 3 4 5 6 7 |  7.5
Necromancy     | 1 2 3 4 5 6 7 |  7.5
Translocations | 1 2 3 4 5 6 7 |  7.5
Transmutations | 1 2 3 4 5 6 7 |  7.5
Fire Magic     | 1 2 3 4 5 6 7 |  7.5
Ice Magic      | 1 2 3 4 5 6 7 |  7.5
Air Magic      | 1 2 3 4 5 6 7 |  7.5
Earth Magic    | 1 2 3 4 5 6 7 |  7.5
Poison Magic   | 1 2 3 4 5 6 7 |  7.5
Dodging        | 5 6 7 8 9 10 | 10.2
Stealth        | 5 6 7 8 9 10 | 10.0
Conjurations   | 8 9 10 | 10.4

Action                   |  1- 3 |  4- 6 |  7- 9 | 10-12 | 13-15 || total
-------------------------+-------+-------+-------+-------+-------++-------
Melee: Dagger            |       |     7 |       |       |       ||     7
       Staff             |       |       |       |    18 |    91 ||   109
       Bite              |       |       |       |     1 |     3 ||     4
       Punch             |       |       |       |       |     1 ||     1
 Cast: Magic Dart        |    58 |    71 |   110 |   115 |    63 ||   417
       Searing Ray       |       |    11 |    41 |    42 |    39 ||   133
       Fulminant Prism   |       |       |       |    27 |   112 ||   139
       Ozocubu's Armour  |       |       |       |     4 |     6 ||    10
       Iskenderun's Myst |       |       |       |     1 |    56 ||    57
       Blink             |       |       |       |       |     8 ||     8
       Slow              |       |       |       |       |     8 ||     8
Invok: Potion Petition   |       |       |       |       |     1 ||     1
Evoke: Wand              |       |       |    16 |     1 |    13 ||    30
  Use: Scroll            |       |       |       |    22 |     1 ||    23
       Potion            |       |       |       |     2 |     1 ||     3
 Stab: Sleeping          |       |       |       |       |     1 ||     1
Armor: Robe              |     1 |     7 |     6 |    10 |    49 ||    73
Dodge: Dodged            |     2 |    27 |    38 |   132 |   442 ||   641

Table legend: (Time is in decaauts)
 A = Elapsed time spent in this place.
 B = Non-inter-level travel time spent in this place.
 C = Inter-level travel time spent in this place.
 D = Time resting spent in this place.
 E = Time spent auto-exploring this place.
 F = Levels seen in this place.
 G = Mean time per level.
                   A        B        C        D        E       F      G
               +--------+--------+--------+--------+--------+-----+--------+
         Total |  24264 |  22451 |   1813 |    647 |  18357 |  14 | 1733.1 |
       Dungeon |  20178 |  18472 |   1706 |    194 |  15427 |  12 | 1681.5 |
  Orcish Mines |   4086 |   3979 |    107 |    453 |   2930 |   2 | 2043.0 |
               +--------+--------+--------+--------+--------+-----+--------+

Top non-repeatable levels by time:
   Orc:1: 3355 daAuts
    D:11: 3336 daAuts
    D:10: 2604 daAuts
     D:7: 1935 daAuts
     D:8: 1875 daAuts
     D:9: 1658 daAuts
     D:6: 1558 daAuts
     D:5: 1526 daAuts
     D:4: 1392 daAuts
    D:12: 1338 daAuts
     D:1: 1231 daAuts
     D:2: 1069 daAuts
   Orc:2: 730 daAuts
     D:3: 652 daAuts

Table legend:
 A = Kills in this place as a percentage of kills in entire the game.
 B = Kills by you in this place as a percentage of kills by you in the entire game.
 C = Kills by friends in this place as a percentage of kills by friends in the entire game.
 D = Other kills in this place as a percentage of other kills in the entire game.
 E = Experience gained in this place as a percentage of experience gained in the entire game.
 F = Experience gained in this place divided by the number of levels of this place that you have seen.
                   A       B       C       D       E      F
               +-------+-------+-------+-------+-------+----------------------
         Total | 100.0 | 100.0 |   N/A |   N/A | 100.0 | 3256.4
       Dungeon |  79.6 |  79.6 |   N/A |   N/A |  73.1 | 2778.2
  Orcish Mines |  20.4 |  20.4 |   N/A |   N/A |  26.9 | 6126.0
               +-------+-------+-------+-------+-------+----------------------
